 Dungeon Crawl Stone Soup version 0.28-a0-1152-g9c71ebef14 (webtiles) character file.

Game seed: 9806146704715207260

45 spaghetti the Sneak (level 3, -2/24 (26) HPs)
             Began as an Octopode Delver on Dec 14, 2021.
             Slain by Edmund (3 damage)
             ... on level 6 of the Dungeon.
             The game lasted 00:01:42 (402 turns).

spaghetti the Sneak (Octopode Delver)                Turns: 402, Time: 00:01:42

HP:   -2/24 (26)    AC:  1    Str: 11    XL:     3   Next: 64%
MP:   3/3           EV: 14    Int: 14    God:
Gold: 0             SH:  0    Dex: 13    Spells: 2/2 levels left

rFire   . . .      SeeInvis .   a - +0 short sword {short}
rCold   . . .      Faith    .   (no shield)
rNeg    . . .      Spirit   .   (helmet restricted)
rPois   .          Reflect  .   (no amulet)
rElec   .          Harm     .   (no ring)
rCorr   .          Rampage  .   (no ring)
Will    .....                   (no ring)
Stlth   ++++......              (no ring)
HPRegen 0.08/turn               (no ring)
MPRegen 0.08/turn               (no ring)
                                (no ring)
                                (no ring)

@: drained
A: almost no armour, amphibious, 8 rings, camouflage 1, gelatinous body 1,
(nimble swimmer 1), tentacles
a: no special abilities


You were on level 6 of the Dungeon.
You visited 1 branch of the dungeon, and saw 2 of its levels.


Innate Abilities, Weirdness & Mutations

You cannot wear most types of armour.
You are amphibious.
You can wear up to eight rings at the same time.
Your skin changes colour to match your surroundings (Stealth+).
Your rubbery body absorbs attacks. (AC +1, EV +1)
((You are camouflaged near water. (Stealth+)))
You have tentacles for arms and can constrict up to eight enemies at once.


   Skills:
 - Level 3.0 Fighting
 - Level 2.0 Short Blades
 + Level 3.9 Dodging
 - Level 6.6 Stealth


You had 2 spell levels left.
You didn't know any spells.
Your spell library was empty.

Inventory:

Hand Weapons
 a - a +0 short sword (weapon) {short}
Missiles
 c - 16 bolts
Wands
 f - a wand of digging (3)
Scrolls
 b - a scroll of fog

Dungeon Overview and Level Annotations

Branches:
Dungeon (6/15)             Temple (0/1) D:6

Altars:

Annotations:
D:6 Edmund

*********,,,,,,,,,,**,,,....#*
,,,,,*,,,,,,,,,,,,,**,**#.#.#
****,*******,,,,,,,**,* #.#.#
**+** *#,**,,**#,* #.#.# **,,,**
#.***** #.###.#.## **,,,,,** #.#*
#.#..<...# *,,,,,,,**
#..######........##
,,,,,,,,,####......####.#.#...###
,,,,,,,,,+......@@...............
,,,,,,,,,####..†##.####.#.....###
*,,,,,,,** ##.#*#.#* #.###..##
**,,,,,** ##,>...* #.# #..#
***,,,** *,###.# #.###..# ,,,,,**
*,* *.# #......# ****,* *,***.#
#####.## ****,* *,,,,.# #.#
,,**,******** ***,*** #.#####


You could see Edmund.


Message History

You puncture Edmund! You grab Edmund. Your squeeze misses Edmund.
You constrict Edmund, but do no damage.
Edmund hits you with a +2 flail of draining!
Ouch! That really hurt!
* * * LOW HITPOINT WARNING * * *
You feel drained.
* * * LOW HITPOINT WARNING * * *
😨 HP[-10]
You now have 14 max hp (-2).
You take 10 damage, and now have 6/14 hp.
MASSIVE DAMAGE!! (PAUSE)
As you read the scroll of fear, it crumbles to dust.
You assume a fearsome visage.
Edmund looks frightened!
The wight is unaffected.
The necrophage is unaffected.
You constrict Edmund.
Edmund struggles to escape constriction.
Unknown command.
Unknown command.
You release your grip on Edmund.
A wight comes into view.
It is wielding a +4 falchion of freezing.
Okay, then.
You aren't carrying any potions.
Okay, then.
The wight closely misses you. 😨 HP[+1]
There is a stone staircase leading up here.
The wight closely misses you.
You climb upwards.
You hear the sound of rushing water.
There is an entrance to a sewer on this level.
Hurry and find it before the portal rusts away!
You hear the slow rusting of a very distant drain.
There is a stone staircase leading down here.
Unknown command.
Unknown command.
Found a stone staircase leading down. 😮 HP[+1]
There is a stone staircase leading down here.
You climb downwards.
Level annotation: Edmund
There is a stone staircase leading up here.
Unknown command.
Unknown command.
Unknown command.
You start resting. 😎 HP[+6]
Your hp is fully restored (14).
Okay, then.
You aren't carrying any potions.
(D) Dungeon (T) Temple
Where to? (Enter - D:6 @ (x,y), ? - help)
A howler monkey comes into view.
Unknown command.
The helpless howler monkey fails to defend itself.
You puncture the howler monkey! Your grab misses the howler monkey.
The howler monkey misses you.
The howler monkey hoots and howls with incredible vigour!
You hit the howler monkey. You grab the howler monkey.
You squeeze the howler monkey, but do no damage.
You constrict the howler monkey. The howler monkey closely misses you.
You hit the howler monkey.
You kill the howler monkey!
Your life force feels restored.
Your Dodging skill increases to level 3!
You have reached level 2!
You have reached level 3!
Your experience leads to an increase in your attributes!
Increase (S)trength, (I)ntelligence, or (D)exterity?
You feel clever. x2 😕 HP[+10] MP[+2]
You now have 26 max hp (+12).
You regained 10 hp, and now have 24/26 hp.
Your mp is fully restored (3).
Edmund is nearby! 😕 HP[+1]
Okay, then.
You aren't carrying any potions. 😎 HP[+1]
Your hp is fully restored (26).
Edmund says, "A flail is better than a scythe, any day of the week!"
An adder comes into view.
The helpless adder fails to defend itself.
You puncture the adder!
You kill the adder!
You hit Edmund. You grab Edmund. You constrict Edmund. Edmund misses you.
You hit Edmund but do no damage. You constrict Edmund.
Edmund hits you with a +2 flail of draining!
You feel drained. 😮 HP[-13]
You now have 25 max hp (-1).
You take 13 damage, and now have 13/25 hp.
MASSIVE DAMAGE!! (PAUSE)
You hit Edmund. You constrict Edmund, but do no damage.
Edmund closely misses you.
You hit Edmund but do no damage. You squeeze Edmund, but do no damage.
You constrict Edmund.
Edmund hits you with a +2 flail of draining!
* * * LOW HITPOINT WARNING * * *
You feel drained.
You die...

Skill      XL: |  1 |
---------------+----+-----
Dodging        | 3 |  3.9
Fighting       | |  3.0
Short Blades   | |  2.0
Stealth        | |  6.6

Action                   || total
-------------------------++-------
Melee: Short sword       ||     9
       Constrict         ||     3
       Tentacles         ||     2
  Use: Scroll            ||     2
       Potion            ||     1
 Stab: Sleeping          ||     3
Dodge: Dodged            ||     7

Levels and vault maps discovered:
D:5:      layout_loops_corners, cheibrodos_sewer_entry_bend
D:6:      layout_loops_corners, fedhas_altar_4, minmay_temple_entry_poolview,
          corner_web_ring, eino_small_chamber_without_monster,
          nicolae_elevator_lobby_asterisk, uniq_edmund

Notes
Turn   | Place    | Note
-------+----------+-------------------------------------------
     0 | D:5      | spaghetti the Octopode Delver began the quest for the Orb.
     0 | D:5      | Reached XP level 1. HP: 16/16 MP: 1/1
     0 | D:5      | magus.rc [v1.9.6]
    15 | D:6      | Noticed a vampire
    15 | D:6      | Noticed a necrophage
    37 | D:6      | Noticed a wight
    37 | D:6      | Noticed a wight
    39 | D:6      | Noticed Edmund
   103 | D:6      | Noticed a wight
   342 | D:6      | Noticed a howler monkey
   346 | D:6      | Killed a howler monkey
   347 | D:6      | Reached skill level 3 in Dodging
   347 | D:6      | Reached XP level 2. HP: 19/21 MP: 2/2
   347 | D:6      | Reached XP level 3. HP: 24/26 MP: 3/3
   402 | D:6      | HP: 1/25 [Edmund (12)]
   402 | D:6      | Slain by Edmund

Vanquished Creatures
  A howler monkey (D:6)
  An adder (D:6)
2 creatures vanquished.

Table legend:
 A = Non-vault XP
 B = Vault XP
 C = Vault XP percentage of total XP
 D = Non-vault monster count
 E = Vault monster count
 F = Vault count percentage of total count
                 A         B        C        D         E       F
            +---------+---------+-------+---------+---------+-------
      Total |      65 |       0 |   0.0 |       2 |       0 |   0.0
            +---------+---------+-------+---------+---------+-------
        D:6 |      65 |       0 |   0.0 |       2 |       0 |   0.0
            +---------+---------+-------+---------+---------+-------

Illustrated notes

Table legend:
 A = Kills in this place as a percentage of kills in entire the game.
 B = Kills by you in this place as a percentage of kills by you in the entire game.
 C = Kills by friends in this place as a percentage of kills by friends in the entire game.
 D = Other kills in this place as a percentage of other kills in the entire game.
 E = Experience gained in this place as a percentage of experience gained in the entire game.
 F = Experience gained in this place divided by the number of levels of this place that you have seen.
                   A       B       C       D       E      F
               +-------+-------+-------+-------+-------+----------------------
         Total | 100.0 | 100.0 |   N/A |   N/A | 100.0 |  32.5
       Dungeon | 100.0 | 100.0 |   N/A |   N/A | 100.0 |  32.5
               +-------+-------+-------+-------+-------+----------------------

Table legend: (Time is in decaauts)
 A = Elapsed time spent in this place.
 B = Non-inter-level travel time spent in this place.
 C = Inter-level travel time spent in this place.
 D = Time resting spent in this place.
 E = Time spent auto-exploring this place.
 F = Levels seen in this place.
 G = Mean time per level.
                   A        B        C        D        E       F      G
               +--------+--------+--------+--------+--------+-----+--------+
         Total |    384 |    368 |     16 |    145 |     51 |   2 |  192.0 |
       Dungeon |    384 |    368 |     16 |    145 |     51 |   2 |  192.0 |
               +--------+--------+--------+--------+--------+-----+--------+

Top non-repeatable levels by time:
     D:6: 358 daAuts
     D:5: 26 daAuts
